 Dungeon Crawl Stone Soup version 0.25-a0-474-ga8a2ee3166 (console) character file.

Game seed: 6286279455675865304, levelgen mode: deterministic

198 surprisetrex the Charmwright (level 5, -1/38 HPs)
             Began as a Merfolk Skald on Feb 6, 2020.
             Slain by an orc priest
             ... wielding a +0 mace
              (3 damage)
             ... on level 4 of the Dungeon on Feb 7, 2020.
             The game lasted 00:14:35 (2677 turns).

surprisetrex the Charmwright (Merfolk Skald)        Turns: 2677, Time: 00:14:36

Health: -1/38      AC:  3    Str: 12    XL:     5   Next: 76%
Magic:  2/8        EV: 12    Int: 13    God:
Gold:   126        SH:  0    Dex: 13    Spells: 5/8 levels left

rFire    . . .     SeeInvis .   t - +2 dagger (venom)
rCold    . . .     Gourm    .   (no shield)
rNeg     . . .     Faith    .   r - +0 leather armour
rPois    .         Spirit   .   (no helmet)
rElec    .         Reflect  .   (no cloak)
rCorr    +         Harm     .   (no gloves)
MR       .....                  (no boots)
Stlth    +.........             (no amulet)
HPRegen  0.12/turn              f - ring of resist corrosion
MPRegen  0.11/turn              (no ring)

@: infused, singing
A: change form in water, swift swim, stealthy swim
a: no special abilities


You were on level 4 of the Dungeon.
You were not hungry.

You visited 1 branch of the dungeon, and saw 4 of its levels.

You collected 126 gold pieces.

Inventory:

Hand Weapons
 a - a +0 spear
 b - a +0 hunting sling
 g - a +0 club
 t - a +2 dagger of venom (weapon)
Missiles
 n - 70 stones (quivered)
Armour
 r - a +0 leather armour (worn)
Jewellery
 f - a ring of resist corrosion (left hand)
 m - an uncursed amulet of the acrobat
Scrolls
 c - a scroll of blinking {unknown}
 i - 3 scrolls of teleportation {unknown}
 j - 3 scrolls of amnesia {unknown}
 o - a scroll of random uselessness {unknown}
 p - a scroll of fog {unknown}
 v - a scroll of magic mapping {unknown}
 w - 2 scrolls of identify {unknown}
Potions
 e - a potion of flight {unknown}
 h - a potion of might {unknown}
 k - a potion of degeneration {unknown}
 q - a potion of brilliance {unknown}
 s - a potion of haste {unknown}
 u - a potion of berserk rage {unknown}
 x - a potion of curing
Comestibles
 d - 7 rations
 l - a chunk of flesh


   Skills:
 - Level 2.1 Fighting
 - Level 3.0 Polearms
 - Level 0.6 Armour
 - Level 2.6 Dodging
 - Level 2.0 Spellcasting
 + Level 6.9 Charms


You had 5 spell levels left.
You knew the following spells:

 Your Spells              Type           Power        Failure   Level  Hunger
a - Infusion              Chrm           ###.         1%          1    ##.....
b - Song of Slaying       Chrm           ###.....     3%          2    ###....

Your spell library contained the following spells:

 Spells                   Type           Power        Failure   Level  Hunger
 Shroud of Golubria       Chrm/Tloc      ##....       12%         2    ###....
 Ozocubu's Armour         Chrm/Ice       ##......     24%         3    ####...
 Spectral Weapon          Hex/Chrm       ##......     24%         3    ####...


Dungeon Overview and Level Annotations

Branches:
Dungeon (4/15)
 Temple: D:4-7

Altars:
Trog


Message History

The orc wizard casts a spell.
The orc wizard blinks!
You hit the orc priest!
The orc priest is poisoned.
The orc priest is heavily wounded.
The orc priest mumbles some strange prayers to Beogh against you.
Pain shoots through your body!
* * * LOW HITPOINT WARNING * * *
You hit the orc priest!
The orc priest is almost dead.
You kill the orc priest!
The orc wizard hits you with a +0 dagger.
* * * LOW HITPOINT WARNING * * *
The orc wizard hits you but does no damage.
You hit the orc priest.
The orc priest is heavily wounded.
You hear a bark!
The orc wizard hits you with a +0 dagger.
* * * LOW HITPOINT WARNING * * *
The orc priest hits you with a +0 mace.
You die...

.... .....
#+#...
#.#..###
#.#....#
#.#..#.###
#.#.......
#<..###.#
#.#o....#
#.#@#####
#.#o#
#.#o#
#.#o#
#.#Z#
#.#.. ###


You could see 2 orc priests, an orc wizard, an orc and an adder skeleton.

Vanquished Creatures
  An orc priest (D:4)
  An orc wizard (D:3)
  5 adders
  4 oozes
  A dart slug (D:1)
  2 leopard geckos
  5 orcs
  4 giant cockroaches
  9 goblins
  3 hobgoblins
  4 jackals (D:1)
  3 quokkas
  5 bats
  4 frilled lizards
  13 kobolds
  7 rats
71 creatures vanquished.

Notes
Turn   | Place    | Note
-------+----------+-------------------------------------------
     0 | D:1      | surprisetrex the Merfolk Skald began the quest for the Orb.
     0 | D:1      | Reached XP level 1. HP: 16/16 MP: 3/3
   124 | D:1      | Reached XP level 2. HP: 11/22 MP: 0/5
   130 | D:1      | Reached skill level 4 in Charms
   414 | D:1      | Learned a level 2 spell: Song of Slaying
   831 | D:1      | Reached XP level 3. HP: 22/27 MP: 6/6
  1297 | D:2      | Reached skill level 5 in Charms
  1424 | D:2      | Reached XP level 4. HP: 33/33 MP: 3/7
  1740 | D:2      | Found a bloodstained altar of Trog.
  1952 | D:3      | Reached skill level 6 in Charms
  1952 | D:3      | Reached XP level 5. HP: 8/38 MP: 1/8
  2677 | D:4      | Slain by an orc priest

Levels and vault maps discovered:
D:1:      lightli_arrival_isolated_outpost, layout_basic
D:2:      layout_basic, lemuel_round_altar
D:3:      layout_rooms, minmay_quadrilaterals
D:4:      layout_basic, grunt_temple_overflow_open,
          minmay_temple_entry_poolview, first_ration,
          nicolae_dithmenos_the_darkroom

Skill      XL: |  1  2  3  4 |
---------------+-------------+-----
Charms         | 4 5 6 |  6.9
Fighting       | |  2.1
Polearms       | |  3.0
Armour         | |  0.6
Dodging        | |  2.6
Spellcasting   | |  2.0

Action                   |  1- 3 |  4- 6 || total
-------------------------+-------+-------++-------
Melee: Spear             |   135 |    50 ||   185
       Dagger            |       |    72 ||    72
 Fire: Hunting sling     |       |     2 ||     2
Throw: Stone             |     3 |       ||     3
 Cast: Infusion          |     2 |     3 ||     5
       Song of Slaying   |     1 |     3 ||     4
  Use: Potion            |       |     2 ||     2
 Stab: Sleeping          |     2 |       ||     2
  Eat: Chunk             |     2 |     4 ||     6
Armor: Leather armour    |    23 |    18 ||    41
Dodge: Dodged            |    71 |    68 ||   139

Table legend:
 A = Non-vault XP
 B = Vault XP
 C = Vault XP percentage of total XP
 D = Non-vault monster count
 E = Vault monster count
 F = Vault count percentage of total count
                 A         B        C        D         E       F
            +---------+---------+-------+---------+---------+-------
      Total |     252 |      31 |  11.0 |      66 |       5 |   7.0
            +---------+---------+-------+---------+---------+-------
        D:1 |      44 |       0 |   0.0 |      23 |       0 |   0.0
        D:2 |      74 |       0 |   0.0 |      24 |       0 |   0.0
        D:3 |      90 |      31 |  25.6 |      18 |       5 |  21.7
        D:4 |      44 |       0 |   0.0 |       1 |       0 |   0.0
            +---------+---------+-------+---------+---------+-------
